 Dungeon Crawl Stone Soup version 0.31.0-12-g77e489cdc1 (webtiles) character file.

Game seed: 7574055752298567225

541 Ijustatesigmund the Digger (level 7, -1/40 HPs)
             Began as a Gargoyle Earth Elementalist on Feb 21, 2024.
             Incinerated by a bombardier beetle (5 damage)
             ... with a burning spray
             ... on level 5 of the Dungeon.
             The game lasted 00:06:27 (3789 turns).

Ijustatesigmund the Digger (GrEE)                   Turns: 3789, Time: 00:06:27

Health: -1/40      AC:  8    Str: 12    XL:     7   Next: 26%
Magic:  4/12       EV: 11    Int: 17    God:
Gold:   169        SH:  5    Dex: 10    Spells: 9/13 levels left

rFire   . . .        w - +2 mace (protect)
rCold   . . .        (no shield)
rNeg    + . .        a - +0 robe
rPois   ∞            v - +0 helmet
rElec   +            (no cloak)
rCorr   .            r - +0 pair of gloves
SInv    .            (no boots)
Will    .....        n - amulet of reflection
Stlth   +            (no ring)
HPRegen 0.26/turn    (no ring)
MPRegen 0.13/turn

%: reflection
@: on fire, glowing
A: sickness immunity, AC +4, negative energy resistance 1, electricity
resistance, torment resistance 1, petrification resistance
a: no special abilities


You were on level 5 of the Dungeon.
You visited 1 branch of the dungeon, and saw 5 of its levels.

You collected 169 gold pieces.

Inventory:

Hand Weapons
 k - a +0 flail
 w - a +2 mace of protection (weapon)
Missiles
 i - 3 curare-tipped darts (quivered)
 x - a throwing net
Armour
 a - a +0 robe (worn)
 r - a +0 pair of gloves (worn)
 v - a +0 helmet (worn)
Jewellery
 n - an amulet of reflection (around neck)
Scrolls
 c - a scroll of enchant armour {unknown}
 d - a scroll of revelation {unknown}
 f - a scroll of fog {unknown}
 g - a scroll of identify
 j - 2 scrolls of teleportation
 l - a scroll of amnesia {unknown}
 o - a scroll of brand weapon {unknown}
 q - a scroll of immolation {unknown}
 u - a scroll of enchant weapon {unknown}
 y - a scroll of blinking {unknown}
 z - a scroll of acquirement {unknown}
Potions
 b - a potion of magic
 e - 2 potions of berserk rage
 h - a potion of brilliance
 m - 2 potions of lignification
 p - a potion of attraction
 s - a potion of haste
 t - 2 potions of heal wounds


   Skills:
 - Level 2.1 Fighting
 + Level 2.6 Maces & Flails
 - Level 1.5 Dodging
 - Level 2.1 Stealth
 + Level 3.8 Spellcasting
 + Level 4.1 Conjurations
 + Level 5.8 Earth Magic


You had 9 spell levels left.
You knew the following spells:

 Your Spells              Type           Power      Damage    Failure   Level
a - Sandblast             Erth           46%        2d11      1%          1
b - Stone Arrow           Conj/Erth      40%        3d9       6%          3

Your spell library contained the following spells:

 Spells                   Type           Power      Damage    Failure   Level
 Passwall                 Erth           23%        N/A       4%          3
 Brom's Barrelling Bould  Conj/Erth      20%        2d4       21%         4
 Petrify                  Alch/Erth      13%        N/A       43%         4


Dungeon Overview and Level Annotations

Branches:
Dungeon (5/15)
 Temple: D:4-7

Altars:


Innate Abilities, Weirdness & Mutations

You are immune to sickness and miasma.
Your stone body is resilient. (AC +4)
You are immune to poison.
You resist negative energy. (rN+)
You are resistant to electric shocks. (rElec)
You are resistant to unholy torment.
You are immune to petrification.


Message History

The bombardier beetle sprays incendiary fluid at you.
The burning spray hits you.
You are even more covered in liquid fire!
Casting: Sandblast (safe; 1% risk of failure)
Confirm with . or Enter, or press ? or * to list all spells.
Aiming: Sandblast (safe; 1% risk of failure)
Press: ? - help, Shift-Dir - straight line, f/p - bombardier beetle
Aim: a bombardier beetle (almost dead, 90% to hit)
The blast of sand hits the bombardier beetle but does no damage.
The bombardier beetle is almost dead.
The liquid fire burns you!
Casting: Sandblast (safe; 1% risk of failure)
Confirm with . or Enter, or press ? or * to list all spells.
Aiming: Sandblast (safe; 1% risk of failure)
Press: ? - help, Shift-Dir - straight line, f/p - bombardier beetle
Aim: a bombardier beetle (almost dead, 90% to hit)
The blast of sand hits the bombardier beetle but does no damage.
The bombardier beetle is almost dead.
The liquid fire burns you!
The bombardier beetle sprays incendiary fluid at you.
The burning spray hits you.
You are even more covered in liquid fire!
Casting: Sandblast (safe; 1% risk of failure)
Confirm with . or Enter, or press ? or * to list all spells.
Aiming: Stone Arrow (dangerous; 7% risk of failure)
Press: ? - help, Shift-Dir - straight line, f/p - bombardier beetle
Aim: a bombardier beetle (almost dead, 81% to hit)
The stone arrow hits the bombardier beetle!
You kill the bombardier beetle!
The liquid fire burns you!
* * * LOW HITPOINT WARNING * * *
You shake off some of the fire as you move.
The liquid fire burns you!
* * * LOW HITPOINT WARNING * * *
You shake off some of the fire as you move.
The liquid fire burns you!
* * * LOW HITPOINT WARNING * * *
You shake off some of the fire as you move.
The liquid fire burns you!
You die...

#.......######.......##...
#.......######.......##...
...........................
...#######..............##..
.........'.......>......+..#
..########......... ##.. ..
#......#.. ....
.###.###......... ....
.......#.@....... ....
#........... ...#
#.†......... .<.#
............... #
................ #
.......#....##... #
.......#....# #+# #
.....$.##.... .. .......
...... ..


There were no monsters in sight!

Vanquished Creatures
  Grinder (D:5)
  A scorpion (D:5)
  A bombardier beetle (D:5)
  A gnoll bouda (D:4)
  A sleepcap (D:4)
  An orc wizard (D:3)
  5 gnolls
  3 adders
  3 ribbon worms
  3 dart slugs
  6 orcs
  5 endoplasms
  6 giant cockroaches
  4 hobgoblins
  6 jackals
  A quokka (D:2)
  12 ball pythons
  4 bats
  8 frilled lizards
  6 goblins
  12 kobolds
  5 rats
95 creatures vanquished.

Notes
Turn   | Place    | Note
-------+----------+-------------------------------------------
     0 | D:1      | Ijustatesigmund the Gargoyle Earth Elementalist began the
                  | quest for the Orb.
     0 | D:1      | Reached XP level 1. HP: 10/10 MP: 3/3
   321 | D:1      | Reached XP level 2. HP: 16/16 MP: 3/5
   534 | D:1      | Reached skill level 1 in Fighting
   534 | D:1      | Reached skill level 4 in Earth Magic
   589 | D:1      | Reached XP level 3. HP: 20/20 MP: 1/6
   593 | D:1      | Learned a level 3 spell: Stone Arrow
   747 | D:1      | Found a faded altar of an unknown god.
  1362 | D:2      | Reached XP level 4. HP: 26/26 MP: 5/7
  2018 | D:3      | Reached XP level 5. HP: 28/30 MP: 6/9
  2586 | D:4      | Reached skill level 1 in Maces & Flails
  2728 | D:4      | Reached skill level 5 in Earth Magic
  3019 | D:4      | Reached XP level 6. HP: 24/35 MP: 10/10
  3320 | D:5      | Entered Level 5 of the Dungeon
  3493 | D:5      | Noticed Grinder
  3518 | D:5      | Paralysed by Grinder for 5 turns
  3523 | D:5      | Killed Grinder
  3524 | D:5      | Reached XP level 7. HP: 10/40 MP: 1/12
  3789 | D:5      | Incinerated by a bombardier beetle

Illustrated notes

Levels and vault maps discovered:
D:1:      arrival_zaba_pyramid, layout_basic, shapermc_ecumenical_altar_pompeii
D:2:      layout_loops_ring
D:3:      layout_loops_ring
D:4:      layout_rooms
D:5:      layout_basic, minmay_temple_entry_wispy, kennysheep_small_spiral,
          minmay_hedge_maze, nicolae_tricolors, uniq_grinder

Skill      XL: |  1  2  3  4  5  6 |
---------------+-------------------+-----
Fighting       | 1 2 |  2.1
Earth Magic    | 4 5 |  5.8
Conjurations   | 2 3 4 |  4.1
Maces & Flails | 1 2 |  2.6
Spellcasting   | 3 |  3.8
Dodging        | |  1.5
Stealth        | |  2.1

Action                     |  1- 3 |  4- 6 |  7- 9 || total
---------------------------+-------+-------+-------++-------
  Melee: Unarmed           |     7 |       |       ||     7
         Long sword        |    29 |    37 |       ||    66
         Flail             |       |    20 |       ||    20
         Mace              |       |    70 |       ||    70
  Throw: Dart              |     6 |     1 |       ||     7
   Cast: Sandblast         |    40 |    40 |     6 ||    86
         Stone Arrow       |       |     1 |     1 ||     2
    Use: Potion            |       |     3 |       ||     3
         Scroll            |       |     5 |       ||     5
   Stab: Sleeping          |       |     1 |       ||     1
 Armour: Robe              |    37 |    97 |       ||   134
         Skin              |       |    13 |       ||    13
  Dodge: Dodged            |    37 |    77 |       ||   114
  Block: Other             |     4 |    30 |       ||    34
